 Dungeon Crawl Stone Soup version 0.29.0-7-g18a832c13a (webtiles) character file.

Game seed: 7716661047972619345

233 gelatine the Firebug (level 5, -1/37 HPs)
             Began as a Demonspawn Fire Elementalist on Aug 31, 2022.
             Slain by a small abomination (6 damage)
             ... on level 3 of the Dungeon.
             The game lasted 00:08:20 (3784 turns).

gelatine the Firebug (Demonspawn Fire Elementalist) Turns: 3784, Time: 00:08:20

Health: -1/37      AC:  9    Str:  6 (8)  XL:     5   Next: 74%
Magic:  1/9        EV: 11    Int: 16 (19) God:
Gold:   145        SH:  0    Dex: 11 (13) Spells: 7/10 levels left

rFire   . . .      SeeInvis .   g - +2 sling (freeze)
rCold   + . .      Faith    .   (no shield)
rNeg    . . .      Spirit   .   x - +3 leather armour {rC+}
rPois   .          Reflect  .   (no helmet)
rElec   .          Harm     .   (no cloak)
rCorr   .          Rampage  .   l - +0 pair of gloves
Will    .....                   v - +0 pair of boots
Stlth   ++........              (no amulet)
HPRegen 0.12/turn               (no ring)
MPRegen 0.11/turn               (no ring)

@: very slightly contaminated
A: rugged brown scales 1, spiny 2
a: no special abilities


You were on level 3 of the Dungeon.
You visited 1 branch of the dungeon, and saw 3 of its levels.

You collected 145 gold pieces.

Inventory:

Hand Weapons
 g - a +2 sling of freezing (weapon)
Armour
 a - a +0 robe
 l - a +0 pair of gloves (worn)
 v - a +0 pair of boots (worn)
 x - a +3 leather armour of cold resistance (worn)
Wands
 u - a wand of flame (17)
Scrolls
 c - 2 scrolls of teleportation {unknown}
 d - a scroll of noise {unknown}
 h - a scroll of amnesia {unknown}
 k - a scroll of brand weapon {unknown}
 m - a scroll of enchant weapon {unknown}
 n - a scroll of fear {unknown}
 q - 3 scrolls of identify {unknown}
 r - 2 scrolls of vulnerability {unknown}
 t - a scroll of enchant armour {unknown}
Potions
 e - a potion of haste {unknown}
 f - a potion of degeneration
 i - 2 potions of curing {unknown}
 j - a potion of might {unknown}
 o - 2 potions of attraction {unknown}
 p - 2 potions of heal wounds {unknown}
 s - a potion of brilliance {unknown}
 w - a potion of berserk rage {unknown}


   Skills:
 + Level 0.5 Fighting
 + Level 0.4 Short Blades
 + Level 0.8 Ranged Weapons
 + Level 0.1 Armour
 + Level 1.9 Dodging
 + Level 2.7 Stealth
 + Level 1.0 Unarmed Combat
 + Level 3.0 Spellcasting
 + Level 2.2 Conjurations
 + Level 3.9 Fire Magic


You had 7 spell levels left.
You knew the following spells:

 Your Spells              Type           Power      Damage    Failure   Level
a - Foxfire               Conj/Fire      48%        2x1d6     9%          1
b - Scorch                Fire           30%        2d6       9%          2

Your spell library contained the following spells:

 Spells                   Type           Power      Damage    Failure   Level
 Conjure Flame            Conj/Fire      12%        6-21      24%         3
 Slow                     Hex            8%         N/A       28%         1
 Inner Flame              Hex/Fire       8%         N/A       36%         3
 Flame Wave               Conj/Fire      12%        2d6       63%         4
 Confusing Touch          Hex            2%         N/A       65%         3
 Gell's Gravitas          Tloc           2%         N/A       65%         3
 Lesser Beckoning         Tloc           2%         N/A       65%         3
 Teleport Other           Tloc           2%         N/A       65%         3
 Vampiric Draining        Necr           2%         2d6       65%         3


Dungeon Overview and Level Annotations

Branches:
Dungeon (3/15)

Altars:
Lugonu

Shops:
D:1 (

Portals:
Abyss: D:1 D:3

Annotations:
D:1 2 runed translucent doors
D:3 1 transporter


Innate Abilities, Weirdness & Mutations

You are partially covered in rugged brown scales. (AC +1, +3% HP)
You are mostly covered in sharp spines.


Message History

Flames lash zenocrate's ghost.
Zenocrate's ghost is burned terribly!
You destroy zenocrate's ghost!
The small abomination is struck by your spines.
The small abomination closely misses you.
Your Spellcasting skill increases to level 3!
Casting: Scorch (safe; 7% risk of failure)
Confirm with . or Enter, or press ? or * to list all spells.
Flames lash the small abomination.
The small abomination is heavily damaged.
The small abomination's fire resistance burns away.
The small abomination hits you but does no damage.
Unknown command.
Casting: Scorch (safe; 7% risk of failure)
Confirm with . or Enter, or press ? or * to list all spells.
You don't have enough magic to cast this spell.
You shoot a sling bullet.
The sling bullet closely misses the small abomination.
The small abomination closely misses you.
The small abomination hits you.
You shoot a sling bullet.
The sling bullet hits the small abomination but does no damage.
The small abomination is heavily damaged.
The small abomination is no longer more vulnerable to fire.
The small abomination hits you!
You are too injured to fight recklessly!
Fire: g) +2 sling (freeze)
Press: ? - help, Shift-Dir - straight line, f/p - small abomination
Aim: a small abomination (heavily damaged, 56% to hit)
You shoot a sling bullet.
The sling bullet hits the small abomination.
The sling bullet freezes the small abomination.
The small abomination is severely damaged.
The small abomination hits you!
* * * LOW HITPOINT WARNING * * *
The small abomination barely misses you.
It was a potion of degeneration.
There was something very wrong with that liquid.
You feel weakened.
You feel dopey.
You feel clumsy. The small abomination hits you.
You die...

#..##.#.###....##....########.##.
#.©#..#. .gx.#?#..............##.
#..##.# ### #.###............###
#...# ..##.### ..##...........#
#...##..#....##..##...........#
#..##.^.###...##5.#...........#
#..#.###.∩##..##.##...........#
#..##...#..#©.#.x#....#######.#
#...####..##..##@#...## #.#
#......####....###...# #.#
........##...........# #####'###
.....................# #........
.....................# #........
.............############........
############.....................
##############........ #........


You could see a small abomination and an iron imp.

Vanquished Creatures
  The ghost of zenocrate the Shooter, an amateur TeHu (D:3)
  2 orc priests (D:3)
  4 adders
  2 worms
  A dart slug (D:3)
  5 orcs (D:3)
  7 endoplasms
  2 giant cockroaches (D:3)
  4 hobgoblins
  5 kobolds
  5 quokkas
  3 ball pythons
  3 bats
  2 frilled lizards (D:2)
  4 goblins
  6 rats
56 creatures vanquished.

Vanquished Creatures (others)
  133 foxfires
133 creatures vanquished.

Grand Total: 189 creatures vanquished

Notes
Turn   | Place    | Note
-------+----------+-------------------------------------------
     0 | D:1      | gelatine the Demonspawn Fire Elementalist began the quest
                  | for the Orb.
     0 | D:1      | Reached XP level 1. HP: 13/13 MP: 3/3
    49 | D:1      | Found a large runed translucent door.
    49 | D:1      | Found a large runed translucent door.
    49 | D:1      | Found a one-way gate to the infinite horrors of the Abyss.
    49 | D:1      | Noticed a crimson imp
    51 | D:1      | Noticed an iron imp
   102 | D:1      | Found a corrupted altar of Lugonu.
   102 | D:1      | Noticed a crimson imp
   103 | D:1      | Noticed an iron imp
   212 | D:1      | You fall into a shaft and drop 1 floor!
   304 | D:1      | Found Tylilam's Antique Weapon Emporium.
   759 | D:1      | Gained mutation: You are partially covered in rugged brown
                  | scales. (AC +1, +3% HP) [demonic ancestry]
   759 | D:1      | Reached XP level 2. HP: 13/19 MP: 1/5
   762 | D:1      | Learned a level 2 spell: Scorch
  1633 | D:2      | Reached skill level 1 in Unarmed Combat
  1725 | D:2      | Found a faded altar of an unknown god.
  1804 | D:2      | Gained mutation: You are partially covered in sharp spines.
                  | [demonic ancestry]
  1804 | D:2      | Reached XP level 3. HP: 24/24 MP: 0/6
  2928 | D:3      | Gained mutation: You are mostly covered in sharp spines.
                  | [demonic ancestry]
  2928 | D:3      | Reached XP level 4. HP: 30/30 MP: 1/7
  3217 | D:3      | Reached XP level 5. HP: 36/36 MP: 3/8
  3436 | D:3      | Noticed zenocrate's ghost (amateur TeHu)
  3445 | D:3      | Noticed a small abomination
  3445 | D:3      | Noticed a small abomination
  3460 | D:3      | Found a transporter.
  3477 | D:3      | Found a transporter.
  3779 | D:3      | Killed zenocrate's ghost
  3784 | D:3      | Slain by a small abomination

Illustrated notes

Levels and vault maps discovered:
D:1:      erik_arrival_cave_to_civilisation [erik_arrival_cave_to_temple],
          layout_loops_corners, serial_shops, nicolae_shop_overgrown_old_shop,
          st_stairs_3, roderic_malta_cross
D:2:      layout_loops_corners, ebering_ecumenical_altar_mist
D:3:      layout_basic, gammafunk_ghost_abyssal_escape

Skill      XL: |  1  2  3  4  5 |
---------------+----------------+-----
Fire Magic     | 3 |  3.9
Unarmed Combat | 1 |  1.0
Stealth        | 2 |  2.7
Conjurations   | 2 |  2.2
Spellcasting   | 3 |  3.0
Fighting       | |  0.5
Short Blades   | |  0.4
Ranged Weapons | |  0.8
Armour         | |  0.1
Dodging        | |  1.9

Action                   |  1- 3 |  4- 6 || total
-------------------------+-------+-------++-------
Melee: Unarmed           |     9 |       ||     9
       Short sword       |     4 |       ||     4
 Fire: Sling             |       |    21 ||    21
 Cast: Foxfire           |    51 |    30 ||    81
       Scorch            |    10 |    10 ||    20
  Use: Potion            |       |     2 ||     2
Armor: Robe              |     3 |       ||     3
       Leather armour    |       |     4 ||     4
Dodge: Dodged            |    10 |    13 ||    23
